 Dungeon Crawl Stone Soup version 0.31.0-9-g3a7656b989 (console) character file.

Game seed: 3476886355225060501

4658 AlterAsc the Grappler (level 10, 0/63 HPs)
             Began as an Octopode Shapeshifter on Jan 28, 2024.
             Was the Champion of Jiyva.
             Slain by a water moccasin (3 damage)
             ... while petrified by a basilisk
             ... on level 8 of the Dungeon.
             The game lasted 00:11:49 (5791 turns).

AlterAsc the Grappler (Octopode Shapeshifter)       Turns: 5791, Time: 00:11:50

Health: 0/63       AC:  8    Str: 18    XL:     10   Next: 43%
Magic:  10/10      EV:  2    Int: 12    God:    Jiyva [******]
Gold:   129        SH:  0    Dex: 12    Spells: 9/9 levels left

rFire   . .          .
                       - Unarmed
rCold   . . .        (no shield)
rNeg    + + +        (no amulet)
rPois   ∞            h - +4 ring of protection
rElec   .            (no ring)
rCorr   +            (no ring)
SInv    +            (no ring)
Will    .....        (no ring)
Stlth   +++          (no ring)
HPRegen 1.90/turn    (no ring)
MPRegen 0.92/turn    (no ring)

%: no passive effects
@: beast-form, petrified
A: beast (slay +2), almost no armour, amphibious, 8 rings, camouflage 1,
gelatinous body 2, nimble swimmer 1, tentacles, antennae 3, iridescent scales 1,
sense surroundings 1, poison resistance, jelly sensing items
a: Begin Untransformation, Renounce Religion, Oozemancy, Slimify


You were on level 8 of the Dungeon.
You worshipped Jiyva.
Jiyva was exalted by your worship.
You were a hulking beast.
You visited 1 branch of the dungeon, and saw 8 of its levels.
You also visited: Sewer.

You collected 185 gold pieces.
You spent 56 gold pieces at shops.

Inventory:

Jewellery
 h - a +4 ring of protection (left tentacle)
Talismans
 b - a beast talisman
 c - a flux talisman
Wands
 p - a wand of acid (5)
 r - a wand of digging (4)
Scrolls
 d - 5 scrolls of identify
 e - a scroll of immolation
 f - 2 scrolls of teleportation
 g - a scroll of enchant armour
 i - a scroll of vulnerability
 j - a scroll of brand weapon
 m - a scroll of fear
 q - a scroll of enchant weapon
Potions
 a - 4 potions of lignification
 k - 5 potions of curing
 l - 2 potions of berserk rage
 n - 2 potions of enlightenment
 o - 2 potions of heal wounds
 s - a potion of attraction {unknown}


   Skills:
 + Level 3.6 Fighting
 + Level 4.2 Dodging
 + Level 13.7 Unarmed Combat
 + Level 4.5 Shapeshifting


You had 9 spell levels left.
You didn't know any spells.
Your spell library contained the following spells:

 Spells                   Type           Power      Damage    Failure   Level
 Kiss of Death            Conj/Necr      0%         2d5       32%         1
 Sting                    Conj/Alch      0%         1d3       32%         1
 Mercury Vapours          Alch/Air       0%         N/A       45%         2
 Confusing Touch          Hex            0%         N/A       69%         3
 Dispel Undead            Necr           0%         3d6       97%         4
 Olgreb's Toxic Radiance  Alch           0%         N/A       97%         4


Dungeon Overview and Level Annotations

Branches:
Dungeon (8/15)             Temple (0/1) D:7            Lair (0/5) D:8
  Sewer (visited)

Altars:
Dithmenos
Hepliaklqana
Makhleb
Nemelex Xobeh
Wu Jian
Yredelemnul
Jiyva

Shops:
D:5 ?


Innate Abilities, Weirdness & Mutations

You are a hulking beast.
Your limbs bulge with bestial killing power. (Slay +2)
You cannot wear most types of armour.
You are amphibious.
You can wear up to eight rings at the same time.
Your skin changes colour to match your surroundings (Stealth+).
Your pliable body absorbs attacks. (AC +2, EV +2)
You are camouflaged when in or above water. (Stealth+)
You have tentacles for arms and can constrict up to eight enemies at once.
You have a pair of large antennae on your head. (SInv)
You are partially covered in iridescent scales. (AC +2)
You passively map a small area around you.
Your system is resistant to poisons. (rPois)
You have a small jelly attached to you that senses nearby items.


Message History

The water moccasin barely misses you.
The water moccasin bites you but does no damage.
The wolf bites you!
You have turned to stone.
The water moccasin bites you. x2; The wolf bites you.
* * * LOW HITPOINT WARNING * * *
The wolf bites you.
* * * LOW HITPOINT WARNING * * *
The water moccasin bites you.
* * * LOW HITPOINT WARNING * * *
The water moccasin bites you.
* * * LOW HITPOINT WARNING * * *
The wolf bites you.
The water moccasin completely misses you.
The water moccasin bites you!
* * * LOW HITPOINT WARNING * * *
The wolf bites you.
* * * LOW HITPOINT WARNING * * *
The water moccasin bites you.
The water moccasin bites you but does no damage.
The wolf bites you!
* * * LOW HITPOINT WARNING * * *
The water moccasin bites you.
* * * LOW HITPOINT WARNING * * *
The water moccasin bites you but does no damage.
The wolf bites you.
* * * LOW HITPOINT WARNING * * *
The water moccasin bites you but does no damage. x2
The wolf bites you. x2; The water moccasin bites you.
* * * LOW HITPOINT WARNING * * *
The water moccasin bites you.
* * * LOW HITPOINT WARNING * * *
The wolf bites you!
* * * LOW HITPOINT WARNING * * *
The water moccasin completely misses you.
The water moccasin bites you.
* * * LOW HITPOINT WARNING * * *
The wolf bites you.
The water moccasin bites you but does no damage.
The water moccasin bites you!
You die...

, ##........#*
##..........###
##*####~~~.~........#
#≈≈#.#...........~#.#
##≈##.....~~~.....~.##
.#≈≈≈≈≈~.~~~~≈~≈~≈≈≈≈###
.##≈≈≈≈≈~~~~~~~≈≈≈≈≈≈≈≈#.#
.####........~~†SS..#* #.#
##..#...~.~.~..hh# **##...
** #....##....#..###
#..... ,
##...####.###...###......,
##....###...###...........
##.....#...## #.#.........
, .............
#.##SPh(/..P ,
...............?........♣.
..................PP......
,
.......~~~~~..........PP>.
...).)).#.♣~.~.~..♣P....PP
, ........~~.≈.....♣
....PPP


You could see 2 water moccasins and a wolf.

Vanquished Creatures
  Pikel (D:6)
  Joseph (D:7)
  A basilisk (D:8)
  Eustachio (D:6)
  A wyvern (D:8)
  Menkaure (D:7)
  Edmund (D:6)
  2 water moccasins
  2 sky beasts
  An orc warrior (D:7)
  3 black bears
  An ice beast (D:7)
  2 phantoms
  Blork the orc (D:4)
  5 kobold brigands
  3 bullfrogs
  A scorpion (D:6)
  7 wights
  2 bombardier beetles
  An orc priest (D:5)
  3 gnoll boudas
  4 hounds
  Ijyb (D:4)
  5 iguanas
  6 orc wizards
  8 gnolls
  3 river rats
  7 adders
  A white imp (D:4)
  2 dart slugs
  2 ribbon worms
  15 orcs
  8 ball pythons
  8 giant cockroaches
  4 goblins
  7 hobgoblins
  A jackal (Sewer)
  A quokka (D:5)
  5 bats
  8 frilled lizards
  15 kobolds
  6 rats
158 creatures vanquished.

Vanquished Creatures (collateral kills)
  2 ogres (D:6)
  2 wights (D:6)
  An orc priest (D:5)
  An orc wizard (D:5)
  An adder (D:5)
  An orc (D:5)
8 creatures vanquished.

Vanquished Creatures (others)
  A phantom (D:4)
  8 jellies
  2 orc priests (D:6)
  A hound (D:4)
  2 iguanas (D:4)
  2 adders
  3 orcs (D:7)
  2 bats
  5 endoplasms
  A giant cockroach (D:2)
  3 goblins (D:4)
  2 hobgoblins
  4 kobolds
36 creatures vanquished.

Grand Total: 202 creatures vanquished

Notes
Turn   | Place    | Note
-------+----------+-------------------------------------------
     0 | D:1      | AlterAsc the Octopode Shapeshifter began the quest for the
                  | Orb.
     0 | D:1      | Reached XP level 1. HP: 13/13 MP: 1/1
   122 | D:1      | Found a faded altar of an unknown god.
   131 | D:1      | Reached XP level 2. HP: 18/18 MP: 2/2
   134 | D:1      | Prayed at the altar of an unknown god.
   134 | D:1      | Became a worshipper of Jiyva Jetiang the Shapeless
   134 | D:1      | Reached * piety under Jiyva
   225 | D:1      | Reached ** piety under Jiyva
   785 | D:2      | Reached skill level 4 in Unarmed Combat
   809 | D:2      | Reached XP level 3. HP: 23/23 MP: 3/3
   848 | D:2      | Reached *** piety under Jiyva
  1130 | D:2      | Gained mutation: Your system is resistant to poisons.
                  | (rPois) [Jiyva's grace]
  1130 | D:2      | Gained mutation: You passively map a small area around you.
                  | [Jiyva's grace]
  1130 | D:2      | Gained mutation: You passively map the area around you.
                  | [Jiyva's grace]
  1130 | D:2      | Gained mutation: You passively map a large area around you.
                  | [Jiyva's grace]
  1266 | D:3      | Reached XP level 4. HP: 28/28 MP: 4/4
  1311 | D:3      | Reached skill level 5 in Unarmed Combat
  1315 | D:3      | Found a shadowy altar of Dithmenos.
  1487 | D:3      | Found a glowing drain.
  1500 | Sewer    | Entered a sewer
  1505 | Sewer    | Reached XP level 5. HP: 33/33 MP: 5/5
  1518 | Sewer    | Reached **** piety under Jiyva
  1558 | Sewer    | Noticed a kobold brigand
  1561 | Sewer    | Noticed a kobold brigand
  1568 | Sewer    | Killed a kobold brigand
  1569 | Sewer    | Reached skill level 6 in Unarmed Combat
  1573 | Sewer    | Killed a kobold brigand
  1574 | Sewer    | Reached XP level 6. HP: 28/38 MP: 6/6
  1598 | Sewer    | Found a white marble altar of Elyvilon.
  2096 | D:4      | Found an ornate altar of the Wu Jian Council.
  2160 | D:4      | Noticed Blork the orc
  2175 | D:4      | Killed Blork the orc
  2176 | D:4      | Reached skill level 7 in Unarmed Combat
  2323 | D:4      | Reached XP level 7. HP: 43/43 MP: 7/7
  2386 | D:4      | Reached skill level 8 in Unarmed Combat
  2410 | D:4      | Noticed Ijyb
  2421 | D:4      | Killed Ijyb
  2650 | D:4      | Found a burning altar of Makhleb.
  2690 | D:4      | Reached ***** piety under Jiyva
  2926 | D:5      | Entered Level 5 of the Dungeon
  3059 | D:5      | Found a basalt altar of Yredelemnul.
  3060 | D:5      | Found a hazy altar of Hepliaklqana.
  3065 | D:5      | Reached skill level 9 in Unarmed Combat
  3130 | D:5      | Identified the +4 long sword "Kiunnes" {venom, rPois rN+
                  | rCorr}
  3243 | D:5      | Reached XP level 8. HP: 36/48 MP: 8/8
  3256 | D:5      | Lost mutation: You passively map a large area around you.
                  | [Jiyva's grace]
  3256 | D:5      | Gained mutation: Your pliable body absorbs attacks. (AC +2,
                  | EV +2) [Jiyva's grace]
  3256 | D:5      | Gained mutation: Your gelatinous body deflects attacks. (AC
                  | +3, EV +3) [Jiyva's grace]
  3256 | D:5      | Gained mutation: You have a small jelly attached to you
                  | that senses nearby items. [Jiyva's grace]
  3256 | D:5      | Gained mutation: You are partially covered in large bone
                  | plates. (SH +4) [Jiyva's grace]
  3368 | D:5      | Found Acero's Magic Scroll Shop.
  3376 | D:5      | Bought a scroll of identify for 28 gold pieces
  3376 | D:5      | Bought a scroll of identify for 28 gold pieces
  3688 | D:5      | Reached skill level 10 in Unarmed Combat
  4060 | D:6      | Found a sparkling altar of Nemelex Xobeh.
  4062 | D:6      | Noticed Edmund
  4069 | D:6      | Killed Edmund
  4097 | D:6      | Reached skill level 11 in Unarmed Combat
  4104 | D:6      | Noticed Pikel
  4113 | D:6      | Killed Pikel
  4114 | D:6      | Reached skill level 12 in Unarmed Combat
  4114 | D:6      | Reached XP level 9. HP: 53/53 MP: 9/9
  4115 | D:6      | Noticed Eustachio
  4123 | D:6      | Killed Eustachio
  4603 | D:6      | Reached skill level 13 in Unarmed Combat
  4732 | D:6      | Reached ****** piety under Jiyva
  5265 | D:7      | Found a staircase to the Ecumenical Temple.
  5274 | D:7      | Reached XP level 10. HP: 56/60 MP: 10/10
  5364 | D:7      | Noticed Joseph
  5369 | D:7      | Killed Joseph
  5393 | D:7      | Noticed Menkaure
  5399 | D:7      | Killed Menkaure
  5564 | D:8      | Lost mutation: You are partially covered in large bone
                  | plates. (SH +4) [Jiyva's grace]
  5564 | D:8      | Lost mutation: You passively map the area around you.
                  | [Jiyva's grace]
  5564 | D:8      | Lost mutation: Your gelatinous body deflects attacks. (AC
                  | +3, EV +3) [Jiyva's grace]
  5564 | D:8      | Gained mutation: You have a pair of small antennae on your
                  | head. [Jiyva's grace]
  5564 | D:8      | Gained mutation: You have a pair of antennae on your head.
                  | [Jiyva's grace]
  5564 | D:8      | Gained mutation: You have a pair of large antennae on your
                  | head. (SInv) [Jiyva's grace]
  5564 | D:8      | Gained mutation: You are partially covered in iridescent
                  | scales. (AC +2) [Jiyva's grace]
  5757 | D:8      | Found a staircase to the Lair.
  5790 | D:8      | HP: 3/63 [wolf (3)]
  5791 | D:8      | Slain by a water moccasin

Illustrated notes

Levels and vault maps discovered:
D:1:      sevenhm_arrival_forest_fort_large_2, layout_basic,
          hellmonk_ecumenical_altar_blasted, minmay_misc_feat_cross
D:2:      layout_loops_ring, serial_glass, glass_columns_c, glass_columns_c
D:3:      layout_loops_cross, grunt_dithmenos_smoke_and_mirrors,
          mainiacjoe_sewer_entry_somewhere_in_here_2, grunt_decor_one_mirror
D:4:      minmay_recursive_quarters, layout_cave_pods,
          nicolae_wu_jian_wuxing_cycle, makhleb_heckhound_becter,
          uniq_blork_the_orc, uniq_ijyb
D:5:      layout_basic, gammafunk_temple_overflow_statue, serial_shops,
          nicolae_lakefront_shop, minmay_stone_trees_medium
D:6:      layout_basic, mainiacjoe_overflow_small_starburst, uniq_pikel,
          uniq_edmund, uniq_eustachio
D:7:      layout_rooms, temple_fountains, chequers_jeans, uniq_menkaure,
          uniq_joseph
D:8:      layout_cave_pools, minmay_lair_entry_grove, serial_rivers,
          chequers_serial_rivers_room_a, chequers_serial_rivers_large_a,
          chequers_serial_rivers_small_3, chequers_serial_rivers_marsh,
          chequers_serial_rivers_large_b, kennysheep_decorative_pillar,
          hangedman_abyss_or_decor_passed, nicolae_shop_fire_sale
          [nicolae_sub_dead_trees], nicolae_shop_i_like_small_books_too,
          nrook_mini_vaults, st_stairs_4

Skill      XL: |  1  2  3  4  5  6  7  8  9 10 |
---------------+-------------------------------+-----
Unarmed Combat | 4 5 6 7 9 12 13 | 13.7
Fighting       | 2 3 |  3.6
Dodging        | 4 |  4.2
Shapeshifting  | 4 |  4.5

Action                     |  1- 3 |  4- 6 |  7- 9 | 10-12 || total
---------------------------+-------+-------+-------+-------++-------
  Melee: Unarmed           |    55 |    92 |   187 |    58 ||   392
         Constrict         |    15 |    20 |    41 |    14 ||    90
         Tentacles         |    14 |    18 |    44 |    14 ||    90
         Punch             |     1 |     3 |    17 |     5 ||    26
    Use: Scroll            |       |       |     7 |       ||     7
   Stab: Sleeping          |     6 |     1 |     4 |     1 ||    12
 Armour: Skin              |    22 |    35 |    81 |    88 ||   226
  Dodge: Dodged            |    30 |    51 |    91 |    44 ||   216
  Block: Other             |       |       |    11 |       ||    11
